 Dungeon Crawl Stone Soup version 0.30-a0-223-gcb0039aa0c (webtiles) character file.

Game seed: 1197764604791591344

186536 qw the Severer (level 18, 0/119 HPs)
             Began as a Gargoyle Fighter on Oct 9, 2022.
             Was a High Priest of Okawaru.
             Slain by a swamp worm (18 damage)
             ... on level 3 of the Swamp.
             The game lasted 00:17:34 (32411 turns).

qw the Severer (Gargoyle Fighter)                  Turns: 32411, Time: 00:17:34

Health: 0/119      AC: 52    Str: 28    XL:     18   Next: 48%
Magic:  20/22      EV:  8    Int: 16    God:    Okawaru [*****.]
Gold:   1755       SH: 15    Dex: 12    Spells: 17/17 levels left

rFire   + . .      SeeInvis +    I - +10 broad axe of Qeihoff {freeze, Int+4 SInv}
rCold   + . .      Faith    .    z - +0 kite shield "Viunkemm" {rElec rC+}
rNeg    + + .      Spirit   .    f - +2 plate armour
rPois   inf        Reflect  .    n - +2 helmet
rElec   +          Harm     .    e - +2 cloak
rCorr   .          Rampage  .    C - +4 pair of gloves of Purpose {rN+ SInv}
Will    +....                    g - +2 pair of boots
Stlth   ..........               v - amulet of the acrobat
HPRegen 0.39/turn                p - +6 ring of dexterity
MPRegen 0.18/turn                q - ring of protection from fire

@: about to teleport, heroic, grasped by roots, flying, constricted
A: sickness immunity, AC +13, big wings, negative energy resistance 1,
electricity resistance, torment resistance 1, petrification resistance, clever
1, clumsy 1, low MP 1, MP-powered wands
a: Renounce Religion, Heroism, Finesse, Duel


You were on level 3 of the Swamp.
You worshipped Okawaru.
Okawaru was extremely pleased with you.
You visited 6 branches of the dungeon, and saw 29 of its levels.
You visited the Abyss 1 time.
You also visited: Sewer.

You collected 4197 gold pieces.
You spent 2442 gold pieces at shops.


Innate Abilities, Weirdness & Mutations

You are immune to sickness and miasma.
Your stone body is resilient. (AC +13)
You are immune to poison.
Your large and strong wings let you fly.
You resist negative energy. (rN+)
You are resistant to electric shocks. (rElec)
You are resistant to unholy torment.
You are immune to petrification.
Your mind is acute. (Int +4, Str/Dex -1)
You are clumsy. (Dex -2)
Your magical capacity is low. (-10% MP)
You expend magic power (3 MP) to strengthen your wands.


   Skills:
 + Level 15.3(20.3) Fighting
 - Level 18.0(23.0) Axes
 - Level 8.1(13.1) Throwing
 - Level 15.0(20.0) Armour
 - Level 5.0(10.0) Dodging
 - Level 15.0(20.0) Shields
 - Level 10.0 Invocations


You had 17 spell levels left.
You didn't know any spells.
Your spell library was empty.

Inventory:

Hand Weapons
 I - the +10 broad axe of Qeihoff (weapon) {freeze, Int+4 SInv}
   (You acquired it on level 15 of the Dungeon)

   It freezes those it strikes, dealing additional cold damage.
   It can also slow down cold-blooded creatures.
   Int:       It affects your intelligence (+4).
   SInv:      It lets you see invisible.
Missiles
 a - 16 boomerangs
 y - a javelin (quivered)
Armour
 b - a +1 chain mail of fire resistance
 e - a +2 cloak (worn)
 f - a +2 plate armour (worn)
 g - a +2 pair of boots (worn)
 n - a +2 helmet (worn)
 r - +0 acid dragon scales
 z - the +0 kite shield "Viunkemm" (worn) {rElec rC+}
   (Okawaru gifted it to you on level 3 of the Lair of Beasts)

   rC:        It protects you from cold.
   rElec:     It insulates you from electricity.
 A - +0 ice dragon scales
 C - the +4 pair of gloves of Purpose (worn) {rN+ SInv}
   (You bought it in a shop on level 2 of the Orcish Mines)

   rN:        It protects you from negative energy.
   SInv:      It lets you see invisible.
 D - a scarf of resistance
 F - a +2 chain mail of cold resistance
 G - +0 fire dragon scales
Jewellery
 p - a +6 ring of dexterity (left hand)
 q - a ring of protection from fire (right hand)
 v - an amulet of the acrobat (around neck)
 B - a ring of fire
Wands
 l - a wand of digging (28)
Scrolls
 m - 10 scrolls of identify
 t - 2 scrolls of enchant weapon
 u - 6 scrolls of teleportation
Potions
 c - 8 potions of attraction
 d - 4 potions of might
 h - 4 potions of heal wounds
 i - 3 potions of resistance
 j - 5 potions of lignification
 k - 6 potions of mutation
 o - 6 potions of curing
 s - 5 potions of haste
 w - 2 potions of magic
 x - 4 potions of cancellation

Dungeon Overview and Level Annotations

Branches:
Dungeon (15/15)            Temple (1/1) D:5            Lair (5/5) D:11
  Swamp (3/4) Lair:3       Spider (3/4) Lair:3        Slime (0/5) Lair:4
    Orc (2/2) D:12            Elf (0/3) Orc:2        Vaults (0/5) D:13
 Depths (0/4) D:15          Sewer (visited)

Altars:
Ashenzari
Cheibriados
Dithmenos
Elyvilon
Fedhas
Gozag
Hepliaklqana
Kikubaaqudgha
Makhleb
Nemelex Xobeh
Okawaru
Qazlal
Ru
Sif Muna
Trog
Uskayaw
Vehumet
Wu Jian
Xom
Yredelemnul
Zin
The Shining One
Jiyva

Shops:
D:6 *   D:7 =   D:9 ?=   D:12 !*   Orc:2 ![?*

Portals:
Bailey: D:8

Annotations:
D:3 3 runed translucent doors, qw's ghost, amateur GrFi; qw's ghost, weakling GrFi
Lair:4 3 runed translucent doors, Kuerar's ghost, journeyman BaFi
Lair:5 3 runed translucent doors, qw's ghost, journeyman GrFi
Spider:3 2 runed translucent doors, qw's ghost, adept GrFi


Message History

You destroy the will-o-the-wisp!
Okawaru accepts your kill.
You slice the tyrant leech!! You freeze the tyrant leech!
You kill the tyrant leech!
Okawaru accepts your kill.
You slash the spriggan druid! You freeze the spriggan druid.
With its final breath, the spriggan druid offers up its power to the beasts of the wild!
The swamp worm is healed.
The swamp worm seems to grow more fierce. x2
The six-headed hydra seems to grow more fierce.
The swamp worm seems to grow more fierce.
You kill the spriggan druid!
Okawaru accepts your kill.
The forest abruptly stops moving.
You feel like a meek peon again.
32408 ||| INVOKING Heroism.
You gain the combat prowess of a mighty hero.
You block the bunyip's attack. The bunyip closely misses you.
The bunyip barely misses you.
The swamp worm bites you but does no damage. x2
You completely miss the swamp worm.
The swamp worm is heavily wounded.
You slash the bunyip! You freeze the bunyip. You slash the swamp worm!
You freeze the swamp worm. The swamp worm misses you.
You block the swamp worm's attack.
You closely miss the swamp worm.
The swamp worm is heavily wounded.
You slash the bunyip! You freeze the bunyip. You slash the swamp worm!
You freeze the swamp worm. The swamp worm bites you!!
The swamp worm bites you but does no damage.
Roots burst forth from the earth!
The grasping roots grab you! The grasping roots constrict you.
32411 ||| READING 7 scrolls of teleportation.
As you read the scroll of teleportation, it crumbles to dust.
You feel strangely unstable. You block the bunyip's attack.
The bunyip closely misses you. The bunyip completely misses you.
The swamp worm bites you!!
You die... 7777~ 7...~7 7~~(..~ ~....~. 7777 777

D.~.~.~ 777.~777~77
7777xw..~.~ 77..~~77...7
7~(@wf7
7~.~~.7~.~¤777.[w.7...~~
77..~~~.~~.77..~%..~77.~
7..~~7.~~~~~...~~~~..7
7..77~%~~~.....~~..~.7
7~7777~.~~.~.....~..¤7


777 77~.~¤~7¤..777777 7~..7777~..¤7 7~.~~¤.7~.~.7 You could see a shambling
mangrove, a bunyip, a six-headed hydra (strong) and 3 swamp worms.

Vanquished Creatures
  Arachne (Spider:2)
  Jorgrun (D:13)
  A tentacled starspawn (Abyss:1)
  Kirke (D:15)
  7 emperor scorpions
  A fire giant (D:12)
  3 ghost moths
  An orc warlord (Orc:1)
  An ironbound preserver (D:13)
  2 ghouls (Swamp:2)
  3 broodmothers
  2 very ugly things (D:15)
  Nessos (D:12)
  2 eleionomae
  A bunyip (Swamp:2)
  A spark wasp (Spider:3)
  A fire dragon (D:14)
  An ettin (D:12)
  3 entropy weavers
  Erolcha (D:13)
  16 hydras
  A great orb of eyes (D:15)
  An ice dragon (Lair:5)
  2 ghost crabs
  3 jorogumos
  Erica (Lair:2)
  4 boulder beetles
  4 alligators
  7 centaur warriors
  2 radroaches
  7 ogre magi
  2 death knights
  3 tengu warriors
  A death scarab (Spider:1)
  17 two-headed ogres
  A wretched star (Abyss:1)
  2 sun moths
  5 skeletal warriors
  A fire crab (Lair:5)
  4 pharaoh ants
  3 goliath frogs (Swamp:1)
  4 large abominations (Abyss:1)
  10 steelbarb worms
  A spriggan druid (Swamp:3)
  4 orb spiders
  4 bog bodies
  Pikel (D:8)
  4 swamp dragons
  2 orc knights
  A lindwurm (Lair:5)
  4 manticores
  4 orc sorcerers
  3 deep elf pyromancers
  An oklob plant (Lair:3)
  3 will-o-the-wisps
  4 ugly things
  A cyclops (shapeshifter) (D:15)
  12 wolf spiders
  19 cyclopes
  15 elephants
  A black mamba (Lair:5)
  Maurice (D:9)
  A moth of wrath (Spider:3)
  2 molten gargoyles (Lair:5)
  A smoke demon (Abyss:1)
  10 cane toads
  An orange demon (Abyss:1)
  2 gargoyles
  A torpor snail (Spider:1)
  5 rime drakes
  13 demonic crawlers
  2 kobold demonologists
  A cane toad (shapeshifter) (D:13)
  An efreet (D:14)
  An ice devil (Abyss:1)
  8 komodo dragons
  A yaktaur (shapeshifter) (D:15)
  A freezing wraith (D:11)
  A tengu conjurer (D:14)
  2 ancient zymes
  13 trolls
  A bloated husk (Swamp:1)
  3 polar bears
  3 meliai (Spider:3)
  A queen bee (shapeshifter) (D:13)
  8 hornets
  8 tyrant leeches
  25 tarantellas
  13 blink frogs
  13 slime creatures
  11 raiju (Abyss:1)
  5 dream sheep (Lair:3)
  Prince Ribbit (D:6)
  25 jumping spiders
  A water elemental (D:15)
  14 culicivoras
  A centaur simulacrum (D:14)
  A vampire (D:13)
  Sigmund (D:6)
  4 shadows
  7 spriggans
  4 wraiths
  53 yaks
  6 wyverns
  13 basilisks
  A human (D:15)
  Eustachio (D:6)
  Grum (D:9)
  3 hogs (D:15)
  28 redbacks
  4 small abominations (Abyss:1)
  14 vampire mosquitoes
  A neqoxec (Abyss:1)
  Menkaure (D:4)
  3 steam dragons
  3 acid dragons
  A two-headed ogre zombie (D:12)
  7 swamp worms
  4 wargs
  3 hell hounds (Lair:5)
  6 water moccasins
  Duvessa (D:4)
  16 orc warriors
  4 swamp drakes (Swamp:1)
  A black bear (D:6)
  5 ice beasts
  21 wolves
  5 centaurs
  3 boggarts (D:14)
  2 lemures (D:8)
  37 ogres
  3 phantoms
  4 kobold brigands
  A necrophage (D:4)
  8 bullfrogs
  3 scorpions
  A gnoll sergeant (D:11)
  Dowan (D:4)
  5 troll zombies (D:12)
  6 killer bees (D:9)
  5 lava snakes (Lair:5)
  3 starcursed masses (Abyss:1)
  12 orc priests
  6 quasits
  4 hounds
  2 jellies
  Ijyb (D:5)
  A gnoll bouda (D:10)
  Jessica (D:2)
  Natasha (thrice) (D:3)
  Terence (D:2)
  An iguana (D:6)
  20 orc wizards
  A statue (D:11)
  2 ogre zombies (D:12)
  Robin (D:4)
  15 gnolls
  11 adders
  6 river rats (Sewer)
  3 shadow imps
  5 white imps
  6 ufetubi
  A worm (D:2)
  3 dart slugs
  68 orcs
  8 endoplasms
  7 giant cockroaches
  15 goblins
  8 hobgoblins
  15 jackals
  22 kobolds
  3 quokkas
  11 ball pythons
  7 bats
  12 frilled lizards
  A goblin skeleton (D:12)
  A goblin zombie (D:12)
  A hobgoblin skeleton (D:12)
  4 hobgoblin zombies (D:12)
  6 orc skeletons (D:12)
  12 orc zombies (D:12)
  4 rats
  A spectral kobold (D:1)
  A starspawn tentacle (Abyss:1)
1039 creatures vanquished.

Vanquished Creatures (collateral kills)
  An orc priest (D:5)
1 creature vanquished.

Vanquished Creatures (others)
  A hydra (Swamp:3)
  A komodo dragon (Lair:5)
  A bloated husk (Swamp:3)
  2 swamp worms (Swamp:3)
  3 demonic plants (D:6)
  A fire vortex (D:12)
  10 foxfires
  13 fungi
  36 plants
  A starspawn tentacle (Abyss:1)
  A withered plant (D:7)
70 creatures vanquished.

Grand Total: 1110 creatures vanquished

Notes
Turn   | Place    | Note
-------+----------+-------------------------------------------
     0 | D:1      | qw the Gargoyle Fighter began the quest for the Orb.
     0 | D:1      | Reached XP level 1. HP: 14/14 MP: 1/1
     0 | D:1      | 0 ||| qw: Version: 0.2-a-17-g06abaee
     0 | D:1      | 0 ||| qw: Game counter: 2256
     0 | D:1      | 0 ||| qw: Always use a shield: true
     0 | D:1      | 0 ||| qw: God list: Okawaru
     0 | D:1      | 0 ||| qw: Allow faded altars: false
     0 | D:1      | 0 ||| qw: Do Orc after D:15 true
     0 | D:1      | 0 ||| qw: Do second Lair branch before Depths: true
     0 | D:1      | 0 ||| qw: Lair rune preference: random
     0 | D:1      | 0 ||| qw: Plans: Normal, Zot:1-4, God:TSO, Crypt, Tomb,
                  | Pan, Slime:5, Hells, Abyss, Orb
     0 | D:1      | 0 ||| PLANNING D:1-11
    69 | D:1      | Reached skill level 2 in Axes
   131 | D:1      | Reached XP level 2. HP: 19/19 MP: 2/2
   179 | D:1      | Reached skill level 3 in Axes
   337 | D:1      | Reached XP level 3. HP: 23/23 MP: 3/3
   388 | D:1      | 388 ||| Stepping ~*~*~tactically~*~*~ (stealth).
   389 | D:1      | 389 ||| Stepping ~*~*~tactically~*~*~ (stealth).
   435 | D:1      | Found a faded altar of an unknown god.
   740 | D:1      | 740 ||| UPGRADING to +0 kite shield.
   750 | D:1      | 750 ||| DROPPING +0 buckler.
   751 | D:1      | 751 ||| READING scroll labelled ULAJOWNOUWN.
   752 | D:1      | 752 ||| READING scroll labelled AWKER KYSY.
   753 | D:1      | 753 ||| READING scroll labelled WAOC HUIXUHYUS.
   758 | D:1      | 758 ||| READING scroll labelled GUSIGI APUKK.
   807 | D:2      | Noticed Jessica
   810 | D:2      | Killed Jessica
   811 | D:2      | Reached XP level 4. HP: 28/28 MP: 4/4
  1168 | D:2      | Noticed Terence
  1178 | D:2      | Killed Terence
  1307 | D:2      | Reached skill level 4 in Axes
  1335 | D:2      | 1335 ||| Stepping ~*~*~tactically~*~*~ (stealth).
  1341 | D:2      | Reached XP level 5. HP: 31/32 MP: 5/5
  1347 | D:2      | 1347 ||| Stepping ~*~*~tactically~*~*~ (stealth).
  1351 | D:2      | 1351 ||| Stepping ~*~*~tactically~*~*~ (stealth).
  1353 | D:2      | 1353 ||| Stepping ~*~*~tactically~*~*~ (stealth).
  1536 | D:2      | 1536 ||| UPGRADING to +0 chain mail.
  1546 | D:2      | 1546 ||| DROPPING +0 scale mail.
  1547 | D:2      | 1547 ||| READING scroll labelled QOTRALE BUUT.
  1548 | D:2      | 1548 ||| READING scroll labelled BYNTO JISI.
  1549 | D:2      | 1549 ||| READING scroll labelled NETOFE BACAD.
  1550 | D:2      | 1550 ||| DRINKING 2 white potions.
  1567 | D:3      | Noticed Natasha
  1568 | D:3      | 1568 ||| Stepping ~*~*~tactically~*~*~ (hiding).
  1585 | D:3      | Killed Natasha
  1589 | D:3      | 1589 ||| FLEEEEING.
  1590 | D:3      | 1590 ||| FLEEEEING.
  1591 | D:3      | 1591 ||| FLEEEEING.
  1592 | D:3      | 1592 ||| FLEEEEING.
  1593 | D:3      | 1593 ||| STAIRDANCE
  1650 | D:3      | Found a runed translucent gate.
  1650 | D:3      | Found a runed translucent gate.
  1651 | D:3      | Found a runed translucent gate.
  1651 | D:3      | Noticed qw's ghost (amateur GrFi)
  1651 | D:3      | Noticed qw's ghost (weakling GrFi)
  1652 | D:3      | Noticed qw's ghost (amateur GrFi)
  1652 | D:3      | Noticed qw's ghost (amateur GrFi)
  1652 | D:3      | Noticed qw's ghost (amateur GrFi)
  1734 | D:3      | 1734 ||| DRINKING potion of curing.
  1734 | D:3      | 1734 ||| (to cure confusion)
  1775 | D:3      | Noticed Natasha
  1776 | D:3      | 1776 ||| Stepping ~*~*~tactically~*~*~ (stealth).
  1864 | D:3      | 1864 ||| Stepping ~*~*~tactically~*~*~ (hiding).
  1865 | D:3      | 1865 ||| Stepping ~*~*~tactically~*~*~ (hiding).
  1875 | D:3      | Killed Natasha
  1876 | D:3      | Reached XP level 6. HP: 33/37 MP: 6/6
  2152 | D:3      | Noticed Natasha
  2153 | D:3      | 2153 ||| Stepping ~*~*~tactically~*~*~ (stealth).
  2155 | D:3      | 2155 ||| Stepping ~*~*~tactically~*~*~ (hiding).
  2175 | D:3      | Killed Natasha
  2226 | D:3      | Reached skill level 5 in Axes
  2635 | D:3      | 2635 ||| DROPPING +3 ring mail.
  2636 | D:3      | 2636 ||| READING scroll labelled PAM SURUCEX.
  2637 | D:3      | 2637 ||| READING scroll labelled BIHAF MIALUMN.
  2885 | D:4      | 2885 ||| Stepping ~*~*~tactically~*~*~ (stealth).
  2888 | D:4      | 2888 ||| Stepping ~*~*~tactically~*~*~ (hiding).
  2889 | D:4      | 2889 ||| Stepping ~*~*~tactically~*~*~ (hiding).
  2894 | D:4      | Noticed Dowan
  2896 | D:4      | Noticed Duvessa
  2903 | D:4      | HP: 9/37 [Duvessa/+0 vampiric short sword (2)]
  2904 | D:4      | 2904 ||| READING scroll of teleportation.
  2905 | D:4      | 2905 ||| DRINKING potion of heal wounds.
  2922 | D:4      | Killed Duvessa
  2923 | D:4      | Reached XP level 7. HP: 21/44 MP: 7/7
  2926 | D:4      | HP: 11/44 [Dowan/stone arrow (12)]
  2931 | D:4      | Killed Dowan
  2985 | D:4      | 2985 ||| Stepping ~*~*~tactically~*~*~ (stealth).
  3006 | D:4      | 3006 ||| Stepping ~*~*~tactically~*~*~ (stealth).
  3009 | D:4      | 3009 ||| Stepping ~*~*~tactically~*~*~ (stealth).
  3011 | D:4      | 3011 ||| Stepping ~*~*~tactically~*~*~ (stealth).
  3127 | D:4      | 3127 ||| Stepping ~*~*~tactically~*~*~ (stealth).
  3248 | D:4      | Noticed Robin
  3249 | D:4      | 3249 ||| Stepping ~*~*~tactically~*~*~ (hiding).
  3251 | D:4      | 3251 ||| Stepping ~*~*~tactically~*~*~ (hiding).
  3278 | D:4      | Killed Robin
  3358 | D:4      | Noticed Menkaure
  3367 | D:4      | HP: 3/44 [Menkaure (13)]
  3368 | D:4      | Killed Menkaure
  3369 | D:4      | Reached skill level 6 in Axes
  3779 | D:4      | Reached XP level 8. HP: 44/48 MP: 8/8
  3827 | D:4      | 3827 ||| UPGRADING to +0 helmet.
  3832 | D:4      | 3832 ||| READING 3 scrolls of enchant armour.
  3832 | D:4      | 3832 ||| ENCHANTING +0 helmet.
  3833 | D:4      | 3833 ||| READING 2 scrolls of enchant armour.
  3833 | D:4      | 3833 ||| ENCHANTING +1 helmet.
  3834 | D:4      | 3834 ||| UPGRADING to +6 ring of dexterity.
  3835 | D:4      | 3835 ||| READING scroll labelled NIDGHA LERA.
  3836 | D:4      | 3836 ||| READING 2 scrolls labelled WAATAF TYSE.
  3837 | D:4      | 3837 ||| READING 2 scrolls of identify.
  3837 | D:4      | 3837 ||| IDENTIFYING silvery potion
  3838 | D:4      | 3838 ||| DROPPING scroll of poison.
  3946 | D:5      | Entered Level 5 of the Dungeon
  3947 | D:5      | 3947 ||| PLANNING SEWER
  3968 | D:5      | 3968 ||| Stepping ~*~*~tactically~*~*~ (hiding).
  3976 | D:5      | Reached skill level 1 in Dodging
  3979 | D:5      | Found a staircase to the Ecumenical Temple.
  3997 | D:5      | Found an ornate altar of the Wu Jian Council.
  4001 | D:5      | Reached skill level 6 in Shields
  4161 | D:5      | Found a glowing drain.
  4162 | D:5      | 4162 ||| DROPPING amulet of faith.
  4163 | D:5      | 4163 ||| READING scroll labelled JESTRU FIRUP.
  4164 | D:5      | 4164 ||| READING 2 scrolls of identify.
  4164 | D:5      | 4164 ||| IDENTIFYING fizzy ruby potion
  4183 | D:5      | 4183 ||| Stepping ~*~*~tactically~*~*~ (hiding).
  4189 | D:5      | Noticed Ijyb
  4193 | D:5      | Reached skill level 7 in Axes
  4202 | D:5      | Killed Ijyb
  4241 | D:5      | 4241 ||| UPGRADING to +1 chain mail of fire resistance.
  4251 | D:5      | 4251 ||| DROPPING +0 chain mail.
  4282 | Sewer    | Entered a sewer
  4300 | Sewer    | 4300 ||| Stepping ~*~*~tactically~*~*~ (stealth).
  4302 | Sewer    | 4302 ||| Stepping ~*~*~tactically~*~*~ (stealth).
  4319 | Sewer    | 4319 ||| Stepping ~*~*~tactically~*~*~ (stealth).
  4320 | Sewer    | 4320 ||| Stepping ~*~*~tactically~*~*~ (stealth).
  4330 | Sewer    | 4330 ||| Stepping ~*~*~tactically~*~*~ (water).
  4353 | Sewer    | 4353 ||| Stepping ~*~*~tactically~*~*~ (water).
  4673 | Sewer    | Reached skill level 1 in Throwing
  4684 | Sewer    | 4684 ||| Stepping ~*~*~tactically~*~*~ (water).
  4756 | Sewer    | 4756 ||| Stepping ~*~*~tactically~*~*~ (water).
  4953 | D:5      | 4953 ||| PLANNING TEMPLE
  5006 | Temple   | Entered the Ecumenical Temple
  5146 | Temple   | 5146 ||| PLANNING OKAWARU WORSHIP
  5440 | Temple   | Became a worshipper of Warmaster Okawaru
  5441 | Temple   | 5441 ||| PLANNING D:1-11
  5490 | D:5      | 5490 ||| FLEEEEING.
  5491 | D:5      | 5491 ||| FLEEEEING.
  5494 | D:5      | 5494 ||| FLEEEEING.
  5495 | D:5      | 5495 ||| FLEEEEING.
  5496 | D:5      | 5496 ||| FLEEEEING.
  5500 | D:5      | 5500 ||| FLEEEEING.
  5501 | D:5      | 5501 ||| FLEEEEING.
  5504 | D:5      | 5504 ||| FLEEEEING.
  5525 | D:5      | 5525 ||| Stepping ~*~*~tactically~*~*~ (hiding).
  5535 | D:5      | 5535 ||| Stepping ~*~*~tactically~*~*~ (stealth).
  5536 | D:5      | 5536 ||| Stepping ~*~*~tactically~*~*~ (stealth).
  5538 | D:5      | 5538 ||| Stepping ~*~*~tactically~*~*~ (stealth).
  5550 | D:5      | 5550 ||| FLEEEEING.
  5823 | D:5      | Reached XP level 9. HP: 47/54 MP: 9/9
  5980 | D:5      | 5980 ||| READING 2 scrolls of identify.
  5980 | D:5      | 5980 ||| IDENTIFYING viscous emerald potion
  6001 | D:6      | Reached skill level 8 in Axes
  6145 | D:6      | Noticed Eustachio
  6164 | D:6      | Killed Eustachio
  6164 | D:6      | Reached * piety under Okawaru
  6165 | D:6      | Reached skill level 6 in Fighting
  6203 | D:6      | 6203 ||| Stepping ~*~*~tactically~*~*~ (hiding).
  6205 | D:6      | 6205 ||| Stepping ~*~*~tactically~*~*~ (hiding).
  6219 | D:6      | Reached skill level 1 in Invocations
  6294 | D:6      | 6294 ||| INVOKING Heroism.
  6307 | D:6      | Reached skill level 3 in Invocations
  6332 | D:6      | 6332 ||| Stepping ~*~*~tactically~*~*~ (stealth).
  6335 | D:6      | 6335 ||| INVOKING Heroism.
  6338 | D:6      | 6338 ||| Stepping ~*~*~tactically~*~*~ (stealth).
  6342 | D:6      | 6342 ||| Stepping ~*~*~tactically~*~*~ (hiding).
  6343 | D:6      | 6343 ||| Stepping ~*~*~tactically~*~*~ (hiding).
  6352 | D:6      | 6352 ||| Stepping ~*~*~tactically~*~*~ (stealth).
  6360 | D:6      | 6360 ||| INVOKING Heroism.
  6375 | D:6      | HP: 10/55 [orc priest/divine providence (13)]
  6376 | D:6      | 6376 ||| READING scroll of teleportation.
  6377 | D:6      | 6377 ||| DRINKING 2 potions of heal wounds.
  6379 | D:6      | 6379 ||| INVOKING Heroism.
  6512 | D:6      | 6512 ||| DROPPING +0 whip.
  6520 | D:6      | Found Inoix's Assorted Antiques.
  6523 | D:6      | 6523 ||| Stepping ~*~*~tactically~*~*~ (stealth).
  6530 | D:6      | 6530 ||| SHOPLISTING +8 orange crystal plate armour
                  | {Archmagi, Int+3 Clar} (3323 gold, have 312).
  6530 | D:6      | 6530 ||| BUYING blue potion (20 gold).
  6530 | D:6      | Bought a blue potion for 20 gold pieces
  6530 | D:6      | 6530 ||| BUYING dark potion (20 gold).
  6530 | D:6      | Bought a dark potion for 20 gold pieces
  6530 | D:6      | 6530 ||| BUYING glowing blue potion (20 gold).
  6530 | D:6      | Bought a glowing blue potion for 20 gold pieces
  6530 | D:6      | 6530 ||| SHOPLISTING runed plate armour (598 gold, have
                  | 252).
  6532 | D:6      | 6532 ||| DROPPING +0 flail.
  6641 | D:6      | 6641 ||| INVOKING Heroism.
  6694 | D:6      | 6694 ||| INVOKING Heroism.
  6705 | D:6      | Reached ** piety under Okawaru
  6740 | D:6      | Noticed Sigmund
  6741 | D:6      | 6741 ||| INVOKING Heroism.
  6751 | D:6      | Killed Sigmund
  6820 | D:6      | Noticed Prince Ribbit
  6821 | D:6      | 6821 ||| INVOKING Heroism.
  6828 | D:6      | Killed Prince Ribbit
  6829 | D:6      | Reached skill level 9 in Axes
  6829 | D:6      | Reached XP level 10. HP: 60/60 MP: 11/13
  7229 | D:6      | 7229 ||| UPGRADING to +0 plate armour.
  7239 | D:6      | 7239 ||| UPGRADING to +0 pair of boots.
  7244 | D:6      | 7244 ||| READING 2 scrolls of enchant armour.
  7244 | D:6      | 7244 ||| ENCHANTING +0 pair of boots.
  7245 | D:6      | 7245 ||| READING scroll of enchant armour.
  7245 | D:6      | 7245 ||| ENCHANTING +1 pair of boots.
  7246 | D:6      | 7246 ||| READING scroll labelled UMEXIE POIMOQOIZE.
  7247 | D:6      | 7247 ||| DRINKING 2 glowing blue potions.
  7248 | D:6      | 7248 ||| DRINKING 3 metallic sapphire potions.
  7249 | D:6      | 7249 ||| READING 2 scrolls of identify.
  7249 | D:6      | 7249 ||| IDENTIFYING pink potion
  7250 | D:6      | 7250 ||| DROPPING potion of degeneration.
  7251 | D:6      | 7251 ||| DROPPING 2 potions of brilliance.
  7252 | D:6      | 7252 ||| DROPPING potion of flight.
  7297 | D:7      | 7297 ||| INVOKING Heroism.
  7299 | D:7      | 7299 ||| Stepping ~*~*~tactically~*~*~ (stealth).
  7300 | D:7      | 7300 ||| Stepping ~*~*~tactically~*~*~ (stealth).
  7477 | D:7      | 7477 ||| Stepping ~*~*~tactically~*~*~ (stealth).
  7491 | D:7      | 7491 ||| Stepping ~*~*~tactically~*~*~ (stealth).
  7652 | D:7      | 7652 ||| Stepping ~*~*~tactically~*~*~ (hiding).
  7654 | D:7      | 7654 ||| Stepping ~*~*~tactically~*~*~ (hiding).
  7796 | D:7      | Reached skill level 6 in Armour
  8052 | D:7      | 8052 ||| INVOKING Heroism.
  8241 | D:7      | Found an ancient bone altar of Kikubaaqudgha.
  8301 | D:7      | Found Qadghiera's Jewellery Shoppe.
  8304 | D:7      | 8304 ||| SHOPLISTING +4 ring of slaying (780 gold, have
                  | 328).
  8304 | D:7      | 8304 ||| SHOPLISTING +6 ring of dexterity (360 gold, have
                  | 328).
  8304 | D:7      | 8304 ||| SHOPLISTING ring of Feniej {Will+ rCorr Dex+6}
                  | (542 gold, have 328).
  8304 | D:7      | 8304 ||| SHOPLISTING ring of Ytokkoe {rN+ Str+7 Int-2
                  | Slay+2} (459 gold, have 328).
  8649 | D:7      | 8649 ||| READING 2 scrolls of identify.
  8649 | D:7      | 8649 ||| IDENTIFYING blue potion
  8650 | D:7      | 8650 ||| DROPPING potion of ambrosia.
  8787 | D:8      | 8787 ||| Stepping ~*~*~tactically~*~*~ (hiding).
  8792 | D:8      | 8792 ||| INVOKING Heroism.
  8806 | D:8      | 8806 ||| INVOKING Heroism.
  8936 | D:8      | Noticed a two-headed ogre
  8937 | D:8      | 8937 ||| INVOKING Heroism.
  8943 | D:8      | Killed a two-headed ogre
  8944 | D:8      | Reached skill level 9 in Shields
  8998 | D:8      | Found a flagged portal.
  9026 | D:8      | 9026 ||| INVOKING Heroism.
  9033 | D:8      | 9033 ||| Stepping ~*~*~tactically~*~*~ (cloud).
  9229 | D:8      | Noticed Pikel
  9230 | D:8      | 9230 ||| Stepping ~*~*~tactically~*~*~ (stealth).
  9231 | D:8      | 9231 ||| Stepping ~*~*~tactically~*~*~ (stealth).
  9234 | D:8      | 9234 ||| Stepping ~*~*~tactically~*~*~ (stealth).
  9238 | D:8      | 9238 ||| Stepping ~*~*~tactically~*~*~ (stealth).
  9242 | D:8      | 9242 ||| Stepping ~*~*~tactically~*~*~ (stealth).
  9247 | D:8      | Killed Pikel
  9301 | D:8      | 9301 ||| DRINKING 3 fuming amethyst potions.
  9301 | D:8      | Gained mutation: You are clumsy. (Dex -2) [potion of
                  | mutation]
  9301 | D:8      | Gained mutation: You expend magic power (3 MP) to
                  | strengthen your wands. [potion of mutation]
  9301 | D:8      | Gained mutation: Your mind is acute. (Int +4, Str/Dex -1)
                  | [potion of mutation]
  9302 | D:8      | 9302 ||| READING 2 scrolls of identify.
  9302 | D:8      | 9302 ||| IDENTIFYING fuming pink potion
  9303 | D:8      | 9303 ||| DROPPING potion of berserk rage.
  9321 | D:9      | Noticed Maurice
  9370 | D:9      | 9370 ||| INVOKING Heroism.
  9374 | D:9      | Killed Maurice
  9374 | D:9      | Reached *** piety under Okawaru
  9375 | D:9      | Reached skill level 10 in Axes
  9508 | D:9      | Found Lifoawk's Magic Scroll Shoppe.
  9512 | D:9      | 9512 ||| BUYING scroll of identify (26 gold).
  9512 | D:9      | Bought a scroll of identify for 26 gold pieces
  9542 | D:9      | Noticed Grum
  9543 | D:9      | 9543 ||| Stepping ~*~*~tactically~*~*~ (stealth).
  9569 | D:9      | Reached XP level 11. HP: 68/68 MP: 14/14
  9613 | D:9      | 9613 ||| Stepping ~*~*~tactically~*~*~ (stealth).
  9616 | D:9      | 9616 ||| INVOKING Heroism.
  9754 | D:9      | 9754 ||| INVOKING Heroism.
  9767 | D:9      | Killed Grum
  9860 | D:9      | 9860 ||| INVOKING Heroism.
  9877 | D:9      | 9877 ||| INVOKING Heroism.
  9922 | D:9      | Found Cuar Qal's Jewellery Shop.
  9923 | D:9      | 9923 ||| Stepping ~*~*~tactically~*~*~ (stealth).
  9946 | D:9      | 9946 ||| SHOPLISTING amulet of Pyromania {RegenMP rElec
                  | rF+} (663 gold, have 393).
  9946 | D:9      | 9946 ||| BUYING amulet of the acrobat (390 gold).
  9946 | D:9      | Bought an amulet of the acrobat for 390 gold pieces
  9946 | D:9      | 9946 ||| SHOPLISTING ring of Sojon {rCorr Int+2 Stlth+}
                  | (442 gold, have 3).
  9946 | D:9      | 9946 ||| SHOPLISTING ring of positive energy (260 gold,
                  | have 3).
  9946 | D:9      | 9946 ||| SHOPLISTING ring of protection from fire (325
                  | gold, have 3).
  9946 | D:9      | 9946 ||| SHOPLISTING ring of resist corrosion (260 gold,
                  | have 3).
 10088 | D:9      | 10088 ||| Stepping ~*~*~tactically~*~*~ (stealth).
 10139 | D:9      | 10139 ||| UPGRADING to +2 cloak.
 10144 | D:9      | 10144 ||| UPGRADING to amulet of the acrobat.
 10149 | D:9      | 10149 ||| DROPPING ring of magical power.
 10150 | D:9      | 10150 ||| READING scroll labelled WOTOCS GEKAZAUMU.
 10150 | D:9      | Identified a scroll of acquirement
 10150 | D:9      | 10150 ||| ACQUIRING 1101 gold pieces
 10150 | D:9      | Acquired 1101 gold pieces
 10152 | D:9      | 10152 ||| READING 2 scrolls of identify.
 10152 | D:9      | 10152 ||| IDENTIFYING dark potion
 10168 | D:10     | Entered Level 10 of the Dungeon
 10229 | D:10     | 10229 ||| Stepping ~*~*~tactically~*~*~ (stealth).
 10231 | D:10     | 10231 ||| INVOKING Heroism.
 10385 | D:10     | 10385 ||| INVOKING Heroism.
 10386 | D:10     | Noticed a two-headed ogre
 10387 | D:10     | 10387 ||| Stepping ~*~*~tactically~*~*~ (hiding).
 10393 | D:10     | Reached **** piety under Okawaru
 10394 | D:10     | Reached skill level 11 in Axes
 10401 | D:10     | Killed a two-headed ogre
 10403 | D:10     | 10403 ||| INVOKING Heroism.
 10428 | D:10     | Received a gift from Okawaru
 10514 | D:10     | 10514 ||| INVOKING Heroism.
 10662 | D:10     | Identified the +4 battleaxe of Checks and Balances {flame,
                  | Int+4}
 10775 | D:10     | 10775 ||| READING scroll labelled YTINTUCHOXT.
 10885 | D:11     | 10885 ||| INVOKING Heroism.
 11021 | D:11     | Noticed a death knight
 11022 | D:11     | 11022 ||| Stepping randomly (stuck).
 11022 | D:11     | Noticed a centaur warrior
 11023 | D:11     | 11023 ||| Stepping randomly (stuck).
 11024 | D:11     | Noticed a deep elf pyromancer
 11025 | D:11     | 11025 ||| Stepping ~*~*~tactically~*~*~ (hiding).
 11032 | D:11     | 11032 ||| INVOKING Heroism.
 11039 | D:11     | HP: 14/68 [death knight/+0 glaive (5)]
 11040 | D:11     | 11040 ||| READING 5 scrolls of teleportation.
 11041 | D:11     | 11041 ||| DRINKING 2 potions of heal wounds.
 11044 | D:11     | 11044 ||| DRINKING potion of heal wounds.
 11162 | D:11     | 11162 ||| INVOKING Heroism.
 11254 | D:11     | 11254 ||| INVOKING Heroism.
 11267 | D:11     | Killed a death knight
 11268 | D:11     | Reached skill level 6 in Invocations
 11361 | D:11     | 11361 ||| Stepping ~*~*~tactically~*~*~ (stealth).
 11389 | D:11     | 11389 ||| Stepping ~*~*~tactically~*~*~ (stealth).
 11404 | D:11     | 11404 ||| Stepping ~*~*~tactically~*~*~ (hiding).
 11406 | D:11     | 11406 ||| INVOKING Heroism.
 11414 | D:11     | Reached skill level 3 in Throwing
 11418 | D:11     | Killed a centaur warrior
 11547 | D:11     | 11547 ||| INVOKING Heroism.
 11562 | D:11     | HP: 14/68 [fire elemental[a deep elf pyromancer] (10)]
 11563 | D:11     | 11563 ||| READING 5 scrolls of teleportation.
 11668 | D:11     | 11668 ||| Invisible monster not found???
 11833 | D:11     | Killed a deep elf pyromancer
 11834 | D:11     | Reached XP level 12. HP: 73/73 MP: 17/17
 11938 | D:11     | Found a radiant altar of Vehumet.
 11939 | D:11     | 11939 ||| INVOKING Heroism.
 12072 | D:11     | 12072 ||| INVOKING Heroism.
 12173 | D:11     | 12173 ||| Stepping ~*~*~tactically~*~*~ (hiding).
 12175 | D:11     | 12175 ||| Stepping ~*~*~tactically~*~*~ (stealth).
 12176 | D:11     | 12176 ||| Stepping ~*~*~tactically~*~*~ (hiding).
 12184 | D:11     | 12184 ||| INVOKING Heroism.
 12262 | D:11     | Found a staircase to the Lair.
 12380 | D:11     | 12380 ||| PLANNING LAIR
 12474 | Lair:1   | Entered Level 1 of the Lair of Beasts
 12513 | Lair:1   | 12513 ||| INVOKING Heroism.
 12533 | Lair:1   | Reached ***** piety under Okawaru
 12558 | Lair:1   | 12558 ||| INVOKING Heroism.
 12573 | Lair:1   | Reached skill level 9 in Invocations
 12593 | Lair:1   | 12593 ||| Stepping ~*~*~tactically~*~*~ (stealth).
 12645 | Lair:1   | You fall into a shaft and drop 1 floor!
 12649 | Lair:2   | Noticed Erica
 12650 | Lair:2   | 12650 ||| Stepping ~*~*~tactically~*~*~ (stealth).
 12655 | Lair:2   | 12655 ||| Stepping ~*~*~tactically~*~*~ (stealth).
 12658 | Lair:2   | 12658 ||| INVOKING Heroism.
 12675 | Lair:2   | Reached skill level 9 in Fighting
 12685 | Lair:2   | Killed Erica
 12786 | Lair:2   | Noticed a four-headed hydra
 12787 | Lair:2   | 12787 ||| INVOKING Heroism.
 12788 | Lair:2   | 12788 ||| SWAPPING to +0 morningstar.
 12789 | Lair:2   | 12789 ||| INVOKING Finesse.
 12795 | Lair:2   | Killed a four-headed hydra
 12796 | Lair:2   | 12796 ||| SWAPPING to +0 vampiric war axe.
 12873 | Lair:1   | 12873 ||| Stepping ~*~*~tactically~*~*~ (stealth).
 12874 | Lair:1   | 12874 ||| INVOKING Heroism.
 12877 | Lair:1   | 12877 ||| Stepping ~*~*~tactically~*~*~ (stealth).
 12886 | Lair:1   | Received a gift from Okawaru
 13095 | Lair:1   | 13095 ||| INVOKING Heroism.
 13115 | Lair:1   | Reached skill level 12 in Axes
 13176 | Lair:1   | 13176 ||| INVOKING Heroism.
 13178 | Lair:1   | 13178 ||| Stepping ~*~*~tactically~*~*~ (stealth).
 13267 | Lair:1   | Found a hide-covered altar of Uskayaw.
 13267 | Lair:1   | Noticed a boulder beetle
 13268 | Lair:1   | 13268 ||| INVOKING Heroism.
 13269 | Lair:1   | 13269 ||| INVOKING Finesse.
 13297 | Lair:1   | Killed a boulder beetle
 13298 | Lair:1   | Reached XP level 13. HP: 80/80 MP: 14/20
 13433 | Lair:1   | Found an ornate altar of the Wu Jian Council.
 13839 | Lair:1   | 13839 ||| READING 6 scrolls of identify.
 13839 | Lair:1   | 13839 ||| IDENTIFYING fizzy sapphire potion
 13985 | Lair:2   | Reached skill level 9 in Armour
 14004 | Lair:2   | 14004 ||| Stepping ~*~*~tactically~*~*~ (stealth).
 14012 | Lair:2   | 14012 ||| INVOKING Heroism.
 14053 | Lair:2   | 14053 ||| INVOKING Heroism.
 14054 | Lair:2   | 14054 ||| SWAPPING to +0 morningstar.
 14055 | Lair:2   | 14055 ||| INVOKING Finesse.
 14062 | Lair:2   | 14062 ||| SWAPPING to +0 vampiric war axe.
 14162 | Lair:2   | Received a gift from Okawaru
 14254 | Lair:2   | 14254 ||| INVOKING Heroism.
 14495 | Lair:3   | 14495 ||| Stepping ~*~*~tactically~*~*~ (stealth).
 14499 | Lair:3   | 14499 ||| Stepping ~*~*~tactically~*~*~ (stealth).
 14574 | Lair:3   | 14574 ||| INVOKING Heroism.
 14575 | Lair:3   | 14575 ||| INVOKING Finesse.
 14577 | Lair:3   | 14577 ||| SWAPPING to +0 morningstar.
 14583 | Lair:3   | 14583 ||| SWAPPING to +0 vampiric war axe.
 14586 | Lair:3   | 14586 ||| Stepping ~*~*~tactically~*~*~ (stealth).
 14672 | Lair:3   | 14672 ||| INVOKING Heroism.
 14693 | Lair:3   | Reached skill level 13 in Axes
 14730 | Lair:3   | 14730 ||| INVOKING Finesse.
 14733 | Lair:3   | 14733 ||| INVOKING Heroism.
 14749 | Lair:3   | Found a staircase to the Swamp.
 14751 | Lair:3   | HP: 16/82 [oklob plant/splash of acid (23)]
 14752 | Lair:3   | 14752 ||| READING 6 scrolls of teleportation.
 14753 | Lair:3   | 14753 ||| DRINKING potion of heal wounds.
 14994 | Lair:3   | 14994 ||| INVOKING Heroism.
 15000 | Lair:3   | Identified the +0 kite shield "Viunkemm" {rElec rC+}
                  | (Okawaru gifted it to you on level 3 of the Lair of Beasts)
 15000 | Lair:3   | Received a gift from Okawaru
 15064 | Lair:3   | 15064 ||| INVOKING Heroism.
 15201 | Lair:3   | Found a hole to the Spider Nest.
 15202 | Lair:3   | 15202 ||| INVOKING Finesse.
 15524 | Lair:3   | 15524 ||| UPGRADING to +0 kite shield "Viunkemm" {rElec
                  | rC+}.
 15534 | Lair:3   | 15534 ||| DROPPING +0 kite shield.
 15578 | Lair:4   | 15578 ||| STAIRDANCE
 15590 | Lair:4   | 15590 ||| STAIRDANCE
 15592 | Lair:3   | 15592 ||| INVOKING Heroism.
 15593 | Lair:3   | 15593 ||| SWAPPING to +0 morningstar.
 15594 | Lair:3   | 15594 ||| INVOKING Finesse.
 15601 | Lair:3   | 15601 ||| Stepping ~*~*~tactically~*~*~ (outnumbered).
 15603 | Lair:3   | 15603 ||| Stepping ~*~*~tactically~*~*~ (outnumbered).
 15604 | Lair:3   | 15604 ||| Stepping ~*~*~tactically~*~*~ (outnumbered).
 15604 | Lair:3   | HP: 19/82 [seven-headed hydra (5)]
 15605 | Lair:3   | 15605 ||| READING 6 scrolls of teleportation.
 15605 | Lair:3   | HP: 9/82 [seven-headed hydra (10)]
 15606 | Lair:3   | 15606 ||| Stepping ~*~*~tactically~*~*~ (outnumbered).
 15607 | Lair:3   | 15607 ||| SWAPPING to +0 vampiric war axe.
 15844 | Lair:4   | 15844 ||| Stepping ~*~*~tactically~*~*~ (stealth).
 15846 | Lair:4   | 15846 ||| Stepping ~*~*~tactically~*~*~ (stealth).
 15849 | Lair:4   | 15849 ||| INVOKING Heroism.
 15878 | Lair:4   | 15878 ||| Stepping ~*~*~tactically~*~*~ (stealth).
 15880 | Lair:4   | 15880 ||| Stepping ~*~*~tactically~*~*~ (hiding).
 15881 | Lair:4   | 15881 ||| INVOKING Heroism.
 15903 | Lair:4   | 15903 ||| INVOKING Finesse.
 15906 | Lair:4   | 15906 ||| SWAPPING to +0 morningstar.
 15907 | Lair:4   | 15907 ||| INVOKING Heroism.
 15913 | Lair:4   | Reached skill level 3 in Dodging
 15915 | Lair:4   | 15915 ||| Stepping ~*~*~tactically~*~*~ (outnumbered).
 15919 | Lair:4   | 15919 ||| Stepping ~*~*~tactically~*~*~ (outnumbered).
 15920 | Lair:4   | 15920 ||| Stepping ~*~*~tactically~*~*~ (outnumbered).
 15921 | Lair:4   | 15921 ||| Stepping ~*~*~tactically~*~*~ (outnumbered).
 15922 | Lair:4   | 15922 ||| Stepping ~*~*~tactically~*~*~ (outnumbered).
 15924 | Lair:4   | 15924 ||| Stepping ~*~*~tactically~*~*~ (outnumbered).
 15926 | Lair:4   | 15926 ||| SWAPPING to +0 vampiric war axe.
 15935 | Lair:4   | 15935 ||| Stepping ~*~*~tactically~*~*~ (stealth).
 15939 | Lair:4   | 15939 ||| Stepping ~*~*~tactically~*~*~ (stealth).
 15940 | Lair:4   | 15940 ||| Stepping ~*~*~tactically~*~*~ (stealth).
 15945 | Lair:4   | 15945 ||| Stepping ~*~*~tactically~*~*~ (stealth).
 16007 | Lair:4   | Noticed Kuerar's ghost (journeyman BaFi)
 16067 | Lair:4   | 16067 ||| INVOKING Heroism.
 16071 | Lair:4   | 16071 ||| SWAPPING to +0 morningstar.
 16077 | Lair:4   | Gained mutation: Your large and strong wings let you fly.
                  | [Gargoyle growth]
 16077 | Lair:4   | Reached XP level 14. HP: 80/88 MP: 19/21
 16077 | Lair:4   | 16077 ||| SWAPPING to +0 vampiric war axe.
 16099 | Lair:4   | Found a runed translucent gate.
 16108 | Lair:4   | Found a runed translucent gate.
 16108 | Lair:4   | Found a runed translucent gate.
 16119 | Lair:4   | Found a viscous altar of Jiyva.
 16120 | Lair:4   | Found a staircase to the Slime Pits.
 16234 | Lair:4   | 16234 ||| INVOKING Heroism.
 16310 | Lair:4   | 16310 ||| INVOKING Heroism.
 16311 | Lair:4   | 16311 ||| INVOKING Finesse.
 16313 | Lair:4   | 16313 ||| SWAPPING to +0 morningstar.
 16321 | Lair:4   | 16321 ||| SWAPPING to +0 vampiric war axe.
 16625 | Lair:4   | 16625 ||| READING 2 scrolls labelled DAICEO KE ORORCHIE.
 16626 | Lair:4   | 16626 ||| READING scroll of enchant weapon.
 16626 | Lair:4   | 16626 ||| ENCHANTING +0 vampiric war axe.
 16650 | Lair:5   | Entered Level 5 of the Lair of Beasts
 16660 | Lair:5   | 16660 ||| INVOKING Heroism.
 16664 | Lair:5   | 16664 ||| SWAPPING to +0 morningstar.
 16668 | Lair:5   | 16668 ||| SWAPPING to +1 vampiric war axe.
 16678 | Lair:5   | 16678 ||| READING scroll of enchant weapon.
 16678 | Lair:5   | 16678 ||| ENCHANTING +1 vampiric war axe.
 16740 | Lair:5   | Found a runed translucent door.
 16741 | Lair:5   | Noticed qw's ghost (journeyman GrFi)
 16778 | Lair:5   | 16778 ||| Stepping ~*~*~tactically~*~*~ (hiding).
 16782 | Lair:5   | 16782 ||| FLEEEEING.
 16783 | Lair:5   | 16783 ||| Stepping randomly (cloudy).
 16784 | Lair:5   | 16784 ||| INVOKING Heroism.
 16788 | Lair:5   | 16788 ||| Stepping randomly (cloudy).
 16796 | Lair:5   | Reached skill level 14 in Axes
 16918 | Lair:5   | 16918 ||| INVOKING Heroism.
 16919 | Lair:5   | 16919 ||| SWAPPING to +0 morningstar.
 16925 | Lair:5   | 16925 ||| SWAPPING to +2 vampiric war axe.
 17072 | Lair:5   | 17072 ||| Stepping ~*~*~tactically~*~*~ (stealth).
 17073 | Lair:5   | 17073 ||| INVOKING Heroism.
 17074 | Lair:5   | 17074 ||| INVOKING Finesse.
 17078 | Lair:5   | 17078 ||| SWAPPING to +0 morningstar.
 17083 | Lair:5   | 17083 ||| SWAPPING to +2 vampiric war axe.
 17180 | Lair:5   | 17180 ||| INVOKING Heroism.
 17183 | Lair:5   | 17183 ||| SWAPPING to +0 morningstar.
 17188 | Lair:5   | 17188 ||| SWAPPING to +2 vampiric war axe.
 17231 | Lair:5   | 17231 ||| Stepping ~*~*~tactically~*~*~ (stealth).
 17240 | Lair:5   | 17240 ||| INVOKING Heroism.
 17362 | Lair:5   | 17362 ||| Stepping ~*~*~tactically~*~*~ (stealth).
 17367 | Lair:5   | 17367 ||| Stepping ~*~*~tactically~*~*~ (stealth).
 17413 | Lair:5   | 17413 ||| INVOKING Heroism.
 17448 | Lair:5   | Found a large runed translucent door.
 17448 | Lair:5   | Found a large runed translucent door.
 17838 | Lair:5   | 17838 ||| READING scroll of enchant armour.
 17838 | Lair:5   | 17838 ||| ENCHANTING +0 plate armour.
 17877 | Lair:5   | 17877 ||| Stepping ~*~*~tactically~*~*~ (stealth).
 17895 | Lair:5   | 17895 ||| Stepping ~*~*~tactically~*~*~ (stealth).
 17897 | Lair:5   | 17897 ||| Stepping ~*~*~tactically~*~*~ (hiding).
 17908 | Lair:5   | 17908 ||| INVOKING Heroism.
 17936 | Lair:5   | Reached skill level 12 in Shields
 18009 | Lair:5   | 18009 ||| INVOKING Heroism.
 18143 | Lair:5   | 18143 ||| PLANNING D
 18185 | Lair:3   | 18185 ||| INVOKING Heroism.
 18186 | Lair:3   | 18186 ||| SWAPPING to +0 morningstar.
 18206 | Lair:3   | 18206 ||| SWAPPING to +2 vampiric war axe.
 18229 | Lair:3   | 18229 ||| Stepping ~*~*~tactically~*~*~ (stealth).
 18230 | Lair:3   | 18230 ||| FLEEEEING.
 18231 | Lair:3   | 18231 ||| FLEEEEING.
 18236 | Lair:3   | 18236 ||| STAIRDANCE
 18437 | D:12     | 18437 ||| STAIRDANCE
 18525 | D:12     | 18525 ||| INVOKING Heroism.
 18591 | D:12     | 18591 ||| INVOKING Heroism.
 18679 | D:12     | 18679 ||| INVOKING Heroism.
 18748 | D:12     | 18748 ||| FLEEEEING.
 18749 | D:12     | 18749 ||| FLEEEEING.
 18750 | D:12     | 18750 ||| FLEEEEING.
 18751 | D:12     | 18751 ||| FLEEEEING.
 18752 | D:12     | 18752 ||| FLEEEEING.
 18753 | D:12     | 18753 ||| FLEEEEING.
 18754 | D:12     | 18754 ||| FLEEEEING.
 18755 | D:12     | 18755 ||| FLEEEEING.
 18756 | D:12     | 18756 ||| FLEEEEING.
 18757 | D:12     | 18757 ||| FLEEEEING.
 18764 | D:12     | 18764 ||| INVOKING Heroism.
 18855 | D:12     | Noticed a fire giant
 18856 | D:12     | 18856 ||| INVOKING Heroism.
 18857 | D:12     | 18857 ||| INVOKING Finesse.
 18876 | D:12     | Reached skill level 15 in Axes
 18876 | D:12     | Killed a fire giant
 18880 | D:12     | 18880 ||| FLEEEEING.
 18881 | D:12     | 18881 ||| FLEEEEING.
 19017 | D:12     | Identified the +7 great sword "Adapn" {drain, rN+ Dex+5}
 19021 | D:12     | 19021 ||| DROPPING +1 broad axe of freezing.
 19022 | D:12     | Identified the +7 triple sword "Xoapi Myhe" {elec, rF- rC-
                  | rN+++ Will+++}
 19027 | D:12     | Identified the +9 broad axe of Imminent Death {elec, *Rage
                  | Str+6 Int+2}
 19029 | D:12     | 19029 ||| DROPPING +9 broad axe of Imminent Death {elec,
                  | *Rage Str+6 Int+2}.
 19090 | D:12     | 19090 ||| INVOKING Heroism.
 19091 | D:12     | 19091 ||| INVOKING Finesse.
 19145 | D:12     | Identified the +1 sling "Arupt" {speed, Int+5} (Okawaru
                  | gifted it to you on level 12 of the Dungeon)
 19145 | D:12     | Received a gift from Okawaru
 19150 | D:12     | Found a staircase to the Orcish Mines.
 19151 | D:12     | 19151 ||| INVOKING Heroism.
 19154 | D:12     | 19154 ||| Stepping ~*~*~tactically~*~*~ (hiding).
 19155 | D:12     | 19155 ||| Stepping ~*~*~tactically~*~*~ (stealth).
 19157 | D:12     | 19157 ||| Stepping ~*~*~tactically~*~*~ (stealth).
 19166 | D:12     | 19166 ||| Stepping ~*~*~tactically~*~*~ (stealth).
 19174 | D:12     | 19174 ||| INVOKING Finesse.
 19241 | D:12     | 19241 ||| Stepping ~*~*~tactically~*~*~ (stealth).
 19272 | D:12     | 19272 ||| INVOKING Heroism.
 19309 | D:12     | Found Wekisud's Overcharged Wands.
 19318 | D:12     | 19318 ||| BUYING wand of digging (11) (693 gold).
 19318 | D:12     | Bought a wand of digging (11) for 693 gold pieces
 19498 | D:12     | 19498 ||| INVOKING Heroism.
 19606 | D:12     | Noticed Nessos
 19607 | D:12     | 19607 ||| INVOKING Finesse.
 19617 | D:12     | 19617 ||| INVOKING Heroism.
 19634 | D:12     | Killed Nessos
 19635 | D:12     | Reached XP level 15. HP: 87/94 MP: 17/22
 19663 | D:12     | Found Vaczu's Distillery.
 19673 | D:12     | 19673 ||| BUYING 2 potions of heal wounds (140 gold).
 19673 | D:12     | Bought 2 potions of heal wounds for 140 gold pieces
 19673 | D:12     | 19673 ||| BUYING potion of attraction (42 gold).
 19673 | D:12     | Bought a potion of attraction for 42 gold pieces
 19673 | D:12     | 19673 ||| BUYING potion of lignification (42 gold).
 19673 | D:12     | Bought a potion of lignification for 42 gold pieces
 19673 | D:12     | 19673 ||| BUYING potion of lignification (42 gold).
 19673 | D:12     | Bought a potion of lignification for 42 gold pieces
 19860 | D:12     | 19860 ||| Stepping ~*~*~tactically~*~*~ (stealth).
 19862 | D:12     | 19862 ||| Stepping ~*~*~tactically~*~*~ (stealth).
 19868 | D:12     | 19868 ||| Stepping ~*~*~tactically~*~*~ (stealth).
 19869 | D:12     | 19869 ||| INVOKING Heroism.
 19914 | D:12     | 19914 ||| UPGRADING to ring of protection from fire.
 19915 | D:12     | 19915 ||| DROPPING ring of fire.
 19935 | D:13     | 19935 ||| STAIRDANCE
 20087 | D:13     | Noticed Erolcha
 20089 | Abyss:1  | Cast into level 1 of the Abyss (Erolcha)
 20090 | Abyss:1  | 20090 ||| READING scroll labelled MOBOLL ME FICU.
 20325 | Abyss:1  | 20325 ||| INVOKING Heroism.
 20535 | Abyss:1  | 20535 ||| Stepping ~*~*~tactically~*~*~ (stealth).
 20541 | Abyss:1  | 20541 ||| Stepping ~*~*~tactically~*~*~ (stealth).
 20549 | Abyss:1  | 20549 ||| INVOKING Heroism.
 20561 | Abyss:1  | Paralysed by accursed screaming for 1 turns
 20565 | Abyss:1  | HP: 22/96 [starcursed mass/accursed screaming (7)]
 20566 | Abyss:1  | 20566 ||| READING 7 scrolls of teleportation.
 20567 | Abyss:1  | 20567 ||| DRINKING 5 potions of heal wounds.
 20567 | Abyss:1  | Paralysed by accursed screaming for 2 turns
 20570 | Abyss:1  | Reached skill level 12 in Fighting
 20570 | Abyss:1  | HP: 14/96 [starcursed mass/accursed screaming (15)]
 20571 | Abyss:1  | 20571 ||| DRINKING 4 potions of heal wounds.
 20573 | Abyss:1  | 20573 ||| INVOKING Heroism.
 20573 | Abyss:1  | Paralysed by accursed screaming for 2 turns
 20575 | Abyss:1  | 20575 ||| DRINKING 3 potions of heal wounds.
 20575 | Abyss:1  | HP: 19/96 [starcursed mass (6)]
 20576 | Abyss:1  | 20576 ||| DRINKING 2 potions of heal wounds.
 20622 | Abyss:1  | 20622 ||| Stepping ~*~*~tactically~*~*~ (stealth).
 20624 | Abyss:1  | 20624 ||| Stepping ~*~*~tactically~*~*~ (stealth).
 20629 | Abyss:1  | 20629 ||| Stepping ~*~*~tactically~*~*~ (stealth).
 20673 | Abyss:1  | 20673 ||| Stepping ~*~*~tactically~*~*~ (hiding).
 20674 | Abyss:1  | 20674 ||| Stepping ~*~*~tactically~*~*~ (hiding).
 20677 | Abyss:1  | Gained mutation: Your magical capacity is low. (-10% MP) [a
                  | neqoxec]
 20706 | Abyss:1  | 20706 ||| Stepping ~*~*~tactically~*~*~ (stealth).
 20710 | Abyss:1  | 20710 ||| Stepping ~*~*~tactically~*~*~ (stealth).
 20711 | Abyss:1  | 20711 ||| Stepping ~*~*~tactically~*~*~ (stealth).
 20722 | Abyss:1  | Noticed a tentacled starspawn
 20723 | Abyss:1  | 20723 ||| Stepping ~*~*~tactically~*~*~ (stealth).
 20726 | Abyss:1  | 20726 ||| INVOKING Heroism.
 20739 | Abyss:1  | Killed a tentacled starspawn
 20768 | Abyss:1  | 20768 ||| INVOKING Heroism.
 20792 | Abyss:1  | 20792 ||| Stepping ~*~*~tactically~*~*~ (hiding).
 20795 | Abyss:1  | 20795 ||| Stepping ~*~*~tactically~*~*~ (hiding).
 20801 | Abyss:1  | 20801 ||| Stepping ~*~*~tactically~*~*~ (hiding).
 20819 | Abyss:1  | 20819 ||| Stepping ~*~*~tactically~*~*~ (stealth).
 20820 | Abyss:1  | 20820 ||| Stepping ~*~*~tactically~*~*~ (stealth).
 20825 | Abyss:1  | 20825 ||| Stepping ~*~*~tactically~*~*~ (stealth).
 20827 | Abyss:1  | 20827 ||| Stepping ~*~*~tactically~*~*~ (stealth).
 20831 | Abyss:1  | 20831 ||| INVOKING Heroism.
 20895 | Abyss:1  | 20895 ||| Stepping ~*~*~tactically~*~*~ (stealth).
 20896 | Abyss:1  | 20896 ||| Stepping ~*~*~tactically~*~*~ (stealth).
 20910 | Abyss:1  | 20910 ||| Stepping ~*~*~tactically~*~*~ (hiding).
 20926 | Abyss:1  | 20926 ||| INVOKING Heroism.
 20966 | Abyss:1  | 20966 ||| Stepping ~*~*~tactically~*~*~ (stealth).
 20969 | Abyss:1  | 20969 ||| Stepping ~*~*~tactically~*~*~ (stealth).
 20972 | Abyss:1  | 20972 ||| Stepping ~*~*~tactically~*~*~ (stealth).
 20973 | Abyss:1  | 20973 ||| Stepping ~*~*~tactically~*~*~ (stealth).
 20975 | Abyss:1  | 20975 ||| Stepping ~*~*~tactically~*~*~ (stealth).
 20987 | D:13     | Escaped the Abyss
 21013 | D:13     | Killed Erolcha
 21210 | D:13     | 21210 ||| INVOKING Heroism.
 21232 | D:13     | Reached skill level 16 in Axes
 21262 | D:13     | Received a gift from Okawaru
 21281 | D:13     | 21281 ||| INVOKING Heroism.
 21443 | D:13     | 21443 ||| Stepping ~*~*~tactically~*~*~ (hiding).
 21740 | D:13     | 21740 ||| Stepping ~*~*~tactically~*~*~ (hiding).
 21743 | D:13     | 21743 ||| INVOKING Heroism.
 21749 | D:13     | 21749 ||| READING 6 scrolls of teleportation.
 21835 | D:13     | 21835 ||| Stepping ~*~*~tactically~*~*~ (stealth).
 21837 | D:13     | 21837 ||| Stepping ~*~*~tactically~*~*~ (stealth).
 21843 | D:13     | 21843 ||| INVOKING Heroism.
 21850 | D:13     | 21850 ||| READING 5 scrolls of teleportation.
 21875 | D:13     | 21875 ||| Stepping randomly (stuck).
 21909 | D:13     | Received a gift from Okawaru
 21927 | D:13     | Found a gate to the Vaults.
 21934 | D:13     | 21934 ||| Stepping ~*~*~tactically~*~*~ (stealth).
 21954 | D:13     | 21954 ||| Stepping ~*~*~tactically~*~*~ (hiding).
 21955 | D:13     | 21955 ||| Stepping ~*~*~tactically~*~*~ (hiding).
 22181 | D:13     | Noticed Jorgrun
 22182 | D:13     | 22182 ||| INVOKING Heroism.
 22183 | D:13     | 22183 ||| INVOKING Finesse.
 22196 | D:13     | Reached skill level 6 in Throwing
 22199 | D:13     | Received a gift from Okawaru
 22205 | D:13     | Killed Jorgrun
 22256 | D:13     | 22256 ||| Stepping ~*~*~tactically~*~*~ (hiding).
 22272 | D:13     | 22272 ||| INVOKING Heroism.
 22273 | D:13     | 22273 ||| Stepping ~*~*~tactically~*~*~ (stealth).
 22276 | D:13     | 22276 ||| Stepping ~*~*~tactically~*~*~ (stealth).
 22279 | D:13     | 22279 ||| Stepping ~*~*~tactically~*~*~ (stealth).
 22280 | D:13     | 22280 ||| Stepping ~*~*~tactically~*~*~ (stealth).
 22283 | D:13     | 22283 ||| Stepping ~*~*~tactically~*~*~ (stealth).
 22287 | D:13     | 22287 ||| READING 4 scrolls of teleportation.
 22342 | D:13     | 22342 ||| Stepping ~*~*~tactically~*~*~ (stealth).
 22343 | D:13     | 22343 ||| Stepping ~*~*~tactically~*~*~ (stealth).
 22359 | D:13     | 22359 ||| INVOKING Heroism.
 22360 | D:13     | 22360 ||| READING 3 scrolls of teleportation.
 22404 | D:13     | Reached skill level 12 in Armour
 22559 | D:14     | 22559 ||| INVOKING Heroism.
 22574 | D:14     | 22574 ||| Stepping ~*~*~tactically~*~*~ (stealth).
 22576 | D:14     | 22576 ||| Stepping ~*~*~tactically~*~*~ (hiding).
 22622 | D:14     | 22622 ||| Stepping ~*~*~tactically~*~*~ (stealth).
 22747 | D:14     | 22747 ||| Stepping ~*~*~tactically~*~*~ (stealth).
 22750 | D:14     | 22750 ||| INVOKING Heroism.
 22763 | D:14     | 22763 ||| Stepping ~*~*~tactically~*~*~ (stealth).
 22764 | D:14     | 22764 ||| Stepping ~*~*~tactically~*~*~ (stealth).
 22765 | D:14     | 22765 ||| INVOKING Heroism.
 22767 | D:14     | 22767 ||| INVOKING Finesse.
 22769 | D:14     | 22769 ||| Stepping ~*~*~tactically~*~*~ (hiding).
 22770 | D:14     | 22770 ||| Stepping ~*~*~tactically~*~*~ (hiding).
 22821 | D:14     | 22821 ||| INVOKING Finesse.
 22912 | D:14     | 22912 ||| INVOKING Heroism.
 23225 | D:14     | 23225 ||| DROPPING amulet of magic regeneration.
 23246 | D:15     | Entered Level 15 of the Dungeon
 23260 | D:15     | 23260 ||| INVOKING Heroism.
 23264 | D:15     | 23264 ||| Stepping ~*~*~tactically~*~*~ (stealth).
 23284 | D:15     | Reached XP level 16. HP: 79/103 MP: 21/21
 23350 | D:15     | 23350 ||| Stepping ~*~*~tactically~*~*~ (stealth).
 23356 | D:15     | 23356 ||| INVOKING Heroism.
 23386 | D:15     | 23386 ||| DRINKING 7 potions of curing.
 23386 | D:15     | 23386 ||| (to cure confusion)
 23388 | D:15     | Received a gift from Okawaru
 23406 | D:15     | 23406 ||| Stepping ~*~*~tactically~*~*~ (stealth).
 23425 | D:15     | 23425 ||| INVOKING Heroism.
 23463 | D:15     | Found a staircase to the Depths.
 23534 | D:15     | Noticed Kirke
 23535 | D:15     | 23535 ||| INVOKING Heroism.
 23536 | D:15     | 23536 ||| INVOKING Finesse.
 23561 | D:15     | Killed Kirke
 23664 | D:15     | 23664 ||| INVOKING Heroism.
 23785 | D:15     | 23785 ||| INVOKING Heroism.
 23810 | D:15     | Received a gift from Okawaru
 23875 | D:15     | 23875 ||| READING scroll of acquirement.
 23875 | D:15     | 23875 ||| ACQUIRING +10 broad axe of Qeihoff {freeze, Int+4
                  | SInv}
 23875 | D:15     | Acquired the +10 broad axe of Qeihoff {freeze, Int+4 SInv}
 23877 | D:15     | 23877 ||| SWAPPING to +10 broad axe of Qeihoff {freeze,
                  | Int+4 SInv}.
 23878 | D:15     | 23878 ||| DROPPING +2 vampiric war axe.
 23879 | D:15     | 23879 ||| DROPPING +4 broad axe of freezing.
 23965 | D:15     | 23965 ||| Stepping ~*~*~tactically~*~*~ (stealth).
 23967 | D:15     | 23967 ||| Stepping ~*~*~tactically~*~*~ (hiding).
 23974 | D:15     | 23974 ||| INVOKING Heroism.
 23982 | D:15     | Paralysed by an ogre mage for 3 turns
 24227 | D:15     | Found a sacrificial altar of Ru.
 24228 | D:15     | 24228 ||| Stepping ~*~*~tactically~*~*~ (hiding).
 24231 | D:15     | 24231 ||| INVOKING Heroism.
 24232 | D:15     | 24232 ||| Stepping ~*~*~tactically~*~*~ (stealth).
 24422 | D:15     | Received a gift from Okawaru
 24598 | D:15     | 24598 ||| PLANNING ORC
 24598 | D:15     | 24598 ||| UPGRADING to +0 pair of gloves.
 24687 | Orc:1    | Entered Level 1 of the Orcish Mines
 24688 | Orc:1    | 24688 ||| INVOKING Heroism.
 24695 | Orc:1    | 24695 ||| Stepping ~*~*~tactically~*~*~ (stealth).
 24696 | Orc:1    | 24696 ||| Stepping ~*~*~tactically~*~*~ (stealth).
 24697 | Orc:1    | 24697 ||| Stepping ~*~*~tactically~*~*~ (stealth).
 24698 | Orc:1    | 24698 ||| Stepping ~*~*~tactically~*~*~ (stealth).
 24736 | Orc:1    | 24736 ||| Stepping ~*~*~tactically~*~*~ (stealth).
 24754 | Orc:1    | 24754 ||| Stepping ~*~*~tactically~*~*~ (stealth).
 24757 | Orc:1    | 24757 ||| INVOKING Heroism.
 24805 | Orc:1    | Found a dark tunnel.
 24875 | Orc:1    | 24875 ||| Stepping ~*~*~tactically~*~*~ (hiding).
 24876 | Orc:1    | 24876 ||| Stepping ~*~*~tactically~*~*~ (hiding).
 24878 | Orc:1    | 24878 ||| Stepping ~*~*~tactically~*~*~ (hiding).
 24881 | Orc:1    | 24881 ||| INVOKING Heroism.
 24898 | Orc:1    | 24898 ||| Stepping ~*~*~tactically~*~*~ (stealth).
 24899 | Orc:1    | 24899 ||| Stepping ~*~*~tactically~*~*~ (stealth).
 24902 | Orc:1    | 24902 ||| Stepping ~*~*~tactically~*~*~ (stealth).
 24903 | Orc:1    | 24903 ||| Stepping ~*~*~tactically~*~*~ (stealth).
 24904 | Orc:1    | 24904 ||| Stepping ~*~*~tactically~*~*~ (stealth).
 24905 | Orc:1    | 24905 ||| INVOKING Heroism.
 24906 | Orc:1    | 24906 ||| INVOKING Finesse.
 25170 | Orc:1    | 25170 ||| Stepping ~*~*~tactically~*~*~ (stealth).
 25236 | Orc:2    | Entered Level 2 of the Orcish Mines
 25242 | Orc:2    | 25242 ||| INVOKING Heroism.
 25253 | Orc:2    | 25253 ||| Stepping ~*~*~tactically~*~*~ (stealth).
 25254 | Orc:2    | 25254 ||| Stepping ~*~*~tactically~*~*~ (stealth).
 25255 | Orc:2    | 25255 ||| Stepping ~*~*~tactically~*~*~ (stealth).
 25256 | Orc:2    | 25256 ||| Stepping ~*~*~tactically~*~*~ (stealth).
 25259 | Orc:2    | 25259 ||| INVOKING Heroism.
 25327 | Orc:2    | 25327 ||| INVOKING Heroism.
 25408 | Orc:2    | 25408 ||| INVOKING Heroism.
 25409 | Orc:2    | Found Noorph's General Store.
 25409 | Orc:2    | Found Masedesu's Magic Scroll Emporium.
 25410 | Orc:2    | Found Qoungu's Antique Armour Emporium.
 25410 | Orc:2    | Found Rinosupa's Distillery.
 25421 | Orc:2    | Reached skill level 17 in Axes
 25422 | Orc:2    | Paralysed by an ogre mage for 3 turns
 25437 | Orc:2    | Received a gift from Okawaru
 25542 | Orc:2    | 25542 ||| BUYING potion of heal wounds (90 gold).
 25542 | Orc:2    | Bought a potion of heal wounds for 90 gold pieces
 25542 | Orc:2    | 25542 ||| BUYING potion of mutation (144 gold).
 25542 | Orc:2    | Bought a potion of mutation for 144 gold pieces
 25543 | Orc:2    | 25543 ||| BUYING scroll of enchant weapon (120 gold).
 25543 | Orc:2    | Bought a scroll of enchant weapon for 120 gold pieces
 25543 | Orc:2    | 25543 ||| BUYING scroll of teleportation (48 gold).
 25543 | Orc:2    | Bought a scroll of teleportation for 48 gold pieces
 25544 | Orc:2    | 25544 ||| BUYING potion of attraction (48 gold).
 25544 | Orc:2    | Bought a potion of attraction for 48 gold pieces
 25544 | Orc:2    | 25544 ||| BUYING potion of attraction (48 gold).
 25544 | Orc:2    | Bought a potion of attraction for 48 gold pieces
 25544 | Orc:2    | 25544 ||| BUYING potion of cancellation (128 gold).
 25544 | Orc:2    | Bought a potion of cancellation for 128 gold pieces
 25544 | Orc:2    | 25544 ||| BUYING potion of curing (48 gold).
 25544 | Orc:2    | Bought a potion of curing for 48 gold pieces
 25544 | Orc:2    | 25544 ||| BUYING potion of curing (48 gold).
 25544 | Orc:2    | Bought a potion of curing for 48 gold pieces
 25545 | Orc:2    | 25545 ||| BUYING pair of bloodstained gloves (285 gold).
 25545 | Orc:2    | Bought a pair of bloodstained gloves for 285 gold pieces
 25545 | Orc:2    | Identified the +4 pair of gloves of Purpose {rN+ SInv} (You
                  | bought it in a shop on level 2 of the Orcish Mines)
 25549 | Orc:2    | 25549 ||| Stepping ~*~*~tactically~*~*~ (stealth).
 25550 | Orc:2    | 25550 ||| Stepping ~*~*~tactically~*~*~ (stealth).
 25552 | Orc:2    | 25552 ||| INVOKING Heroism.
 25554 | Orc:2    | 25554 ||| DRINKING 9 potions of curing.
 25554 | Orc:2    | 25554 ||| (to cure confusion)
 25795 | Orc:2    | Found a staircase to the Elven Halls.
 25828 | Orc:2    | 25828 ||| PLANNING SPIDER:1-3
 25828 | Orc:2    | 25828 ||| UPGRADING to +4 pair of gloves of Purpose {rN+
                  | SInv}.
 25838 | Orc:2    | 25838 ||| DROPPING +0 pair of gloves.
 26005 | Spider:1 | Entered Level 1 of the Spider Nest
 26006 | Spider:1 | 26006 ||| INVOKING Heroism.
 26099 | Spider:1 | 26099 ||| Stepping ~*~*~tactically~*~*~ (stealth).
 26102 | Spider:1 | 26102 ||| Stepping ~*~*~tactically~*~*~ (stealth).
 26107 | Spider:1 | 26107 ||| Stepping ~*~*~tactically~*~*~ (stealth).
 26122 | Spider:1 | 26122 ||| INVOKING Finesse.
 26131 | Spider:1 | 26131 ||| Stepping ~*~*~tactically~*~*~ (hiding).
 26175 | Spider:1 | 26175 ||| Stepping ~*~*~tactically~*~*~ (stealth).
 26177 | Spider:1 | 26177 ||| Stepping ~*~*~tactically~*~*~ (stealth).
 26181 | Spider:1 | 26181 ||| INVOKING Heroism.
 26190 | Spider:1 | 26190 ||| DRINKING 8 potions of curing.
 26190 | Spider:1 | 26190 ||| (to cure confusion)
 26230 | Spider:1 | 26230 ||| Stepping ~*~*~tactically~*~*~ (stealth).
 26242 | Spider:1 | 26242 ||| INVOKING Heroism.
 26324 | Spider:1 | 26324 ||| INVOKING Heroism.
 26646 | Spider:1 | 26646 ||| INVOKING Heroism.
 26659 | Spider:1 | Reached XP level 17. HP: 69/108 MP: 20/22
 26671 | Spider:1 | 26671 ||| Stepping ~*~*~tactically~*~*~ (stealth).
 26707 | Spider:1 | 26707 ||| Stepping ~*~*~tactically~*~*~ (stealth).
 26710 | Spider:1 | 26710 ||| Stepping ~*~*~tactically~*~*~ (stealth).
 26729 | Spider:1 | 26729 ||| Stepping ~*~*~tactically~*~*~ (stealth).
 26738 | Spider:1 | 26738 ||| Stepping ~*~*~tactically~*~*~ (stealth).
 26817 | Spider:1 | 26817 ||| INVOKING Finesse.
 26819 | Spider:1 | 26819 ||| INVOKING Heroism.
 26845 | Spider:1 | Received a gift from Okawaru
 26983 | Spider:1 | 26983 ||| Stepping ~*~*~tactically~*~*~ (stealth).
 27079 | Spider:1 | Reached skill level 18 in Axes
 27094 | Spider:1 | 27094 ||| INVOKING Heroism.
 27171 | Spider:1 | 27171 ||| Stepping ~*~*~tactically~*~*~ (hiding).
 27172 | Spider:1 | 27172 ||| Stepping ~*~*~tactically~*~*~ (hiding).
 27524 | Spider:1 | 27524 ||| INVOKING Heroism.
 27531 | Spider:1 | Received a gift from Okawaru
 27532 | Spider:1 | 27532 ||| Stepping ~*~*~tactically~*~*~ (stealth).
 27534 | Spider:1 | 27534 ||| Stepping ~*~*~tactically~*~*~ (stealth).
 27552 | Spider:1 | 27552 ||| Stepping ~*~*~tactically~*~*~ (stealth).
 27569 | Spider:1 | 27569 ||| Stepping ~*~*~tactically~*~*~ (stealth).
 27586 | Spider:1 | Identified the +3 leather armour of the Butterfly {Rampage
                  | Str+2}
 27636 | Spider:1 | 27636 ||| Stepping ~*~*~tactically~*~*~ (stealth).
 27638 | Spider:1 | 27638 ||| Stepping ~*~*~tactically~*~*~ (stealth).
 27646 | Spider:1 | 27646 ||| Stepping ~*~*~tactically~*~*~ (stealth).
 27692 | Spider:1 | 27692 ||| INVOKING Heroism.
 27697 | Spider:1 | 27697 ||| INVOKING Finesse.
 27894 | Spider:2 | 27894 ||| INVOKING Finesse.
 27899 | Spider:2 | 27899 ||| Stepping ~*~*~tactically~*~*~ (stealth).
 27900 | Spider:2 | 27900 ||| INVOKING Heroism.
 27952 | Spider:2 | 27952 ||| Stepping ~*~*~tactically~*~*~ (hiding).
 27959 | Spider:2 | 27959 ||| INVOKING Heroism.
 28052 | Spider:2 | 28052 ||| INVOKING Heroism.
 28054 | Spider:2 | Received a gift from Okawaru
 28058 | Spider:2 | 28058 ||| INVOKING Finesse.
 28153 | Spider:2 | 28153 ||| Stepping ~*~*~tactically~*~*~ (stealth).
 28154 | Spider:2 | 28154 ||| INVOKING Heroism.
 28156 | Spider:2 | 28156 ||| Stepping ~*~*~tactically~*~*~ (stealth).
 28188 | Spider:2 | 28188 ||| Stepping ~*~*~tactically~*~*~ (stealth).
 28192 | Spider:2 | Noticed Arachne
 28193 | Spider:2 | 28193 ||| Stepping ~*~*~tactically~*~*~ (stealth).
 28194 | Spider:2 | 28194 ||| INVOKING Finesse.
 28225 | Spider:2 | Killed Arachne
 28267 | Spider:2 | 28267 ||| Stepping ~*~*~tactically~*~*~ (stealth).
 28268 | Spider:2 | 28268 ||| Stepping ~*~*~tactically~*~*~ (stealth).
 28271 | Spider:2 | 28271 ||| INVOKING Heroism.
 28283 | Spider:2 | 28283 ||| INVOKING Finesse.
 28337 | Spider:2 | 28337 ||| Stepping ~*~*~tactically~*~*~ (stealth).
 28338 | Spider:2 | 28338 ||| Stepping ~*~*~tactically~*~*~ (stealth).
 28357 | Spider:2 | 28357 ||| Stepping ~*~*~tactically~*~*~ (stealth).
 28360 | Spider:2 | 28360 ||| Stepping ~*~*~tactically~*~*~ (stealth).
 28400 | Spider:2 | 28400 ||| INVOKING Heroism.
 28496 | Spider:2 | Received a gift from Okawaru
 28886 | Spider:3 | Found a large runed translucent door.
 28886 | Spider:3 | Found a large runed translucent door.
 28890 | Spider:3 | Noticed qw's ghost (adept GrFi)
 28946 | Spider:3 | 28946 ||| INVOKING Heroism.
 29092 | Spider:3 | 29092 ||| Stepping ~*~*~tactically~*~*~ (hiding).
 29097 | Spider:3 | 29097 ||| INVOKING Heroism.
 29123 | Spider:3 | 29123 ||| INVOKING Finesse.
 29127 | Spider:3 | 29127 ||| Stepping ~*~*~tactically~*~*~ (stealth).
 29128 | Spider:3 | 29128 ||| Stepping ~*~*~tactically~*~*~ (stealth).
 29271 | Spider:3 | Identified the +3 glaive of the Inviting Visionary {vorpal,
                  | rPois rF+}
 29363 | Spider:3 | 29363 ||| INVOKING Heroism.
 29434 | Spider:3 | Identified the +7 war axe of the Feeding Pariah {vorpal,
                  | rElec Dex+3}
 29456 | Spider:3 | 29456 ||| Stepping ~*~*~tactically~*~*~ (hiding).
 29597 | Spider:3 | 29597 ||| Stepping ~*~*~tactically~*~*~ (hiding).
 29598 | Spider:3 | 29598 ||| Stepping ~*~*~tactically~*~*~ (hiding).
 29599 | Spider:3 | 29599 ||| Stepping ~*~*~tactically~*~*~ (hiding).
 29724 | Spider:3 | 29724 ||| INVOKING Heroism.
 29774 | Spider:3 | 29774 ||| Stepping ~*~*~tactically~*~*~ (stealth).
 29775 | Spider:3 | 29775 ||| Stepping ~*~*~tactically~*~*~ (stealth).
 29781 | Spider:3 | 29781 ||| INVOKING Heroism.
 29942 | Spider:3 | 29942 ||| INVOKING Heroism.
 29951 | Spider:3 | Reached skill level 15 in Fighting
 30213 | Spider:3 | 30213 ||| DRINKING 7 potions of curing.
 30213 | Spider:3 | 30213 ||| (to cure confusion)
 30610 | Spider:3 | 30610 ||| PLANNING SWAMP:1-3
 30673 | Spider:2 | Reached XP level 18. HP: 108/119 MP: 22/22
 30699 | Spider:2 | 30699 ||| DROPPING +0 morningstar.
 30791 | Swamp:1  | Entered Level 1 of the Swamp
 30792 | Swamp:1  | 30792 ||| INVOKING Heroism.
 30807 | Swamp:1  | 30807 ||| Stepping ~*~*~tactically~*~*~ (hiding).
 30810 | Swamp:1  | 30810 ||| Stepping ~*~*~tactically~*~*~ (hiding).
 30837 | Swamp:1  | 30837 ||| INVOKING Heroism.
 30849 | Swamp:1  | 30849 ||| Stepping ~*~*~tactically~*~*~ (hiding).
 30862 | Swamp:1  | Received a gift from Okawaru
 30867 | Swamp:1  | 30867 ||| Stepping randomly (cloudy).
 30893 | Swamp:1  | 30893 ||| Stepping ~*~*~tactically~*~*~ (stealth).
 30966 | Swamp:1  | 30966 ||| Stepping ~*~*~tactically~*~*~ (stealth).
 31287 | Swamp:1  | 31287 ||| Stepping ~*~*~tactically~*~*~ (hiding).
 31288 | Swamp:1  | 31288 ||| Stepping ~*~*~tactically~*~*~ (hiding).
 31394 | Swamp:1  | 31394 ||| Stepping ~*~*~tactically~*~*~ (hiding).
 31395 | Swamp:1  | 31395 ||| INVOKING Heroism.
 31407 | Swamp:1  | Reached skill level 15 in Armour
 31454 | Swamp:1  | 31454 ||| Stepping ~*~*~tactically~*~*~ (hiding).
 31455 | Swamp:1  | 31455 ||| INVOKING Heroism.
 31772 | Swamp:2  | 31772 ||| Stepping ~*~*~tactically~*~*~ (stealth).
 31796 | Swamp:2  | 31796 ||| Stepping ~*~*~tactically~*~*~ (hiding).
 31808 | Swamp:2  | 31808 ||| Stepping randomly (cloudy).
 31809 | Swamp:2  | 31809 ||| Stepping randomly (cloudy).
 31810 | Swamp:2  | 31810 ||| Stepping randomly (cloudy).
 31811 | Swamp:2  | 31811 ||| Stepping ~*~*~tactically~*~*~ (cloud).
 31859 | Swamp:2  | 31859 ||| INVOKING Heroism.
 31934 | Swamp:2  | 31934 ||| Stepping ~*~*~tactically~*~*~ (stealth).
 32050 | Swamp:2  | 32050 ||| READING scroll of enchant armour.
 32050 | Swamp:2  | 32050 ||| ENCHANTING +1 plate armour.
 32277 | Swamp:3  | 32277 ||| INVOKING Heroism.
 32336 | Swamp:3  | 32336 ||| INVOKING Heroism.
 32378 | Swamp:3  | 32378 ||| INVOKING Heroism.
 32382 | Swamp:3  | Received a gift from Okawaru
 32386 | Swamp:3  | 32386 ||| Stepping ~*~*~tactically~*~*~ (hiding).
 32398 | Swamp:3  | Reached skill level 15 in Shields
 32404 | Swamp:3  | Received a gift from Okawaru
 32408 | Swamp:3  | 32408 ||| INVOKING Heroism.
 32410 | Swamp:3  | HP: 18/119 [swamp worm (24)]
 32411 | Swamp:3  | 32411 ||| READING 7 scrolls of teleportation.
 32411 | Swamp:3  | Slain by a swamp worm

Levels and vault maps discovered:
D:1:      dpeg_arrival_signposts, layout_basic,
          dreamdust_ecumenical_altar_drowned_temple
D:2:      minmay_spotlight, layout_loops_cross, uniq_terence, uniq_jessica
D:3:      layout_loops_ring, serial_forest, infiniplex_forest_end_3,
          infiniplex_forest_clump_small, infiniplex_forest_clump_small,
          infiniplex_forest_lined_room_, infiniplex_forest_lined_corner,
          infiniplex_forest_lined_1, infiniplex_forest_fountain,
          gammafunk_ghost_cemetery, uniq_natasha
D:4:      layout_basic, uniq_menkaure, uniq_duvessa, uniq_robin
D:5:      layout_loops_ring, nzn_wu_jian_contemplation,
          minmay_temple_entry_mini_moons, gup_sewer_entry_glass,
          nicolae_figureground_sparkle, uniq_ijyb
D:6:      layout_gridville, serial_demonic, serial_demonic_c, serial_demonic_d,
          serial_demonic_e, serial_demonic_b, serial_demonic_b,
          serial_demonic_g, serial_shops, shop, minmay_quadrilaterals,
          uniq_eustachio, uniq_sigmund, uniq_prince_ribbit1
D:7:      layout_layer_cave, kiku_gazebo_garden_becter, serial_shops,
          nicolae_shop_behind_doors
D:8:      layout_rooms, enter_bailey_3, wad_floor_pattern_2, uniq_pikel
D:9:      layout_loops_ring, serial_shops, nicolae_shop_stone,
          nicolae_shop_waterfront, uniq_maurice, uniq_grum
D:10:     layout_loops_cross, minmay_misc_feat_nine_boxes
D:11:     minmay_bloctagon_deflated, layout_irregular_city, erik_lair_dragon,
          vehumet_statue
D:12:     giant_chief_lemuel, layout_irregular_city, zombieorc2_lemuel,
          serial_shops, nicolae_shop_crystal, nicolae_shop_overcharged_wands,
          uniq_nessos
D:13:     layout_basic, skrybe_vaults_entry_preservation, uniq_erolcha,
          uniq_jorgrun
D:14:     layout_rooms
D:15:     gammafunk_enter_depths_forms, layout_loops_ring, minivault_14,
          nicolae_ru_great_annihilating_truth, uniq_kirke
Temple:   mainiacjoe_temple_big_plus
Lair:1:   layout_cave_pods, chequers_serial_rivers_micro_e,
          nzn_masters_of_martial_movement
Lair:2:   layout_loops_ring, lemuel_fruit_tree, uniq_erica
Lair:3:   layout_long_grid, swamp_mist, nicolae_spider_entry_orb_guardian,
          hibernation_bobbens, grunt_megastairs_2
Lair:4:   layout_loops_ring, slime_entry_1, gammafunk_ghost_icy,
          kennysheep_basilisk_garden
Lair:5:   cheibrodos_lair_end_hotspot, layout_regular_city,
          portal_ice_cave_entry_animals_and_master,
          ebering_ghost_reflecting_pool
Swamp:1:  layout_basic_swamp, evilmike_swamp_ruin_house_4, swamp_pool5
Swamp:2:  layout_basic_swamp, evilmike_swamp_ruin_house_6
Swamp:3:  layout_basic_swamp, hangedman_swamp_ruin_wall
Spider:1: nicolae_spider_hilbert_zone_1 [nicolae_spider_hilbert_4_sides_1_open,
          nicolae_spider_hilbert_4_sides_1_open,
          nicolae_spider_hilbert_4_sides_1_open,
          nicolae_spider_hilbert_4_sides_1_open,
          nicolae_spider_hilbert_3_sides_1_open,
          nicolae_spider_hilbert_3_sides_1_open,
          nicolae_spider_hilbert_3_sides_1_open,
          nicolae_spider_hilbert_3_sides_1_open,
          nicolae_spider_hilbert_3_sides_1_open,
          nicolae_spider_hilbert_6_sides_1_open,
          nicolae_spider_hilbert_6_sides_1_open,
          nicolae_spider_hilbert_3_sides_1_open,
          nicolae_spider_hilbert_3_sides_1_open,
          nicolae_spider_hilbert_3_sides_1_open,
          nicolae_spider_hilbert_3_sides_1_open,
          nicolae_spider_hilbert_2_sides_1_open]
Spider:2: layout_spider_delve, nicolae_spider_webs_and_nodes, uniq_arachne
Spider:3: layout_cave_pods, ebering_ghost_disaster_area
Orc:1:    layout_caves, nicolae_volcano_entry_s_turn
Orc:2:    st_orc_ogre_mass, layout_caves, special_room

Skill      XL: |  1  2  3  4  5  6  7  8  9 10 11 12 13 14 15 16 17 18 |
---------------+-------------------------------------------------------+-----
Axes           | 2 3 4 5 6 7 9 10 11 12 13 15 16 17 18 | 18.0
Shields        | 4 5 7 8 9 10 11 12 13 14 15 | 15.0
Fighting       | 4 5 6 7 8 9 10 11 12 13 15 | 15.3
Dodging        | 1 2 3 4 5 |  5.0
Throwing       | 1 3 4 5 6 7 8 |  8.1
Invocations    | 4 7 10 | 10.0
Armour         | 4 6 8 10 11 12 13 14 15 | 15.0

Action                   |  1- 3 |  4- 6 |  7- 9 | 10-12 | 13-15 | 16-18 || total
-------------------------+-------+-------+-------+-------+-------+-------++-------
Melee: War axe           |    76 |   207 |   446 |   699 |  1355 |   175 ||  2958
       Morningstar       |       |       |       |     6 |    67 |       ||    73
       Broad axe         |       |       |       |       |       |   876 ||   876
Throw: Boomerang         |       |       |    48 |    58 |   170 |    94 ||   370
       Javelin           |       |       |       |    11 |    31 |    95 ||   137
Invok: Heroism           |       |       |     8 |    32 |    55 |    46 ||   141
       Finesse           |       |       |       |     2 |    15 |    10 ||    27
  Use: Scroll            |     4 |     6 |     9 |    11 |    13 |     3 ||    46
       Potion            |       |     3 |     1 |     5 |     5 |     4 ||    18
 Stab: Distracted        |       |       |       |       |     1 |     1 ||     2
Armor: Scale mail        |    35 |    31 |       |       |       |       ||    66
       Chain mail        |       |   139 |   354 |     3 |       |       ||   496
       Plate armour      |       |       |       |   418 |   754 |   561 ||  1733
Dodge: Dodged            |    34 |    76 |   141 |   201 |   391 |   311 ||  1154
Block: Buckler           |    17 |       |       |       |       |       ||    17
       Kite shield       |     2 |   117 |   273 |   416 |   757 |   579 ||  2144

Table legend:
 A = Non-vault XP
 B = Vault XP
 C = Vault XP percentage of total XP
 D = Non-vault monster count
 E = Vault monster count
 F = Vault count percentage of total count
                 A         B        C        D         E       F
            +---------+---------+-------+---------+---------+-------
      Total |  198570 |   80272 |  28.8 |     757 |     282 |  27.1
            +---------+---------+-------+---------+---------+-------
        D:1 |      43 |       1 |   2.3 |      20 |       1 |   4.8
        D:2 |      41 |      89 |  68.5 |      19 |       4 |  17.4
        D:3 |     239 |      37 |  13.4 |      23 |       1 |   4.2
        D:4 |     317 |     432 |  57.7 |      17 |      16 |  48.5
        D:5 |     779 |      74 |   8.7 |      20 |       7 |  25.9
        D:6 |    1342 |    1211 |  47.4 |      23 |      20 |  46.5
        D:7 |    1047 |       0 |   0.0 |      12 |       0 |   0.0
        D:8 |    1735 |     649 |  27.2 |      12 |       5 |  29.4
        D:9 |    1650 |    1026 |  38.3 |      17 |       5 |  22.7
       D:10 |    3583 |       0 |   0.0 |      21 |       0 |   0.0
       D:11 |    1701 |    3785 |  69.0 |      18 |      11 |  37.9
       D:12 |    4498 |   13854 |  75.5 |      21 |      63 |  75.0
       D:13 |   14394 |    7842 |  35.3 |      35 |      11 |  23.9
       D:14 |    5036 |       0 |   0.0 |      19 |       0 |   0.0
       D:15 |   13432 |    7895 |  37.0 |      31 |      17 |  35.4
     Lair:1 |    8803 |     838 |   8.7 |      38 |       1 |   2.6
     Lair:2 |    6426 |     850 |  11.7 |      20 |       1 |   4.8
     Lair:3 |   12450 |    1217 |   8.9 |      35 |       3 |   7.9
     Lair:4 |    6939 |     767 |  10.0 |      21 |       4 |  16.0
     Lair:5 |    3286 |    9102 |  73.5 |       5 |      32 |  86.5
    Swamp:1 |   11978 |     413 |   3.3 |      29 |       3 |   9.4
    Swamp:2 |    9859 |       0 |   0.0 |      16 |       0 |   0.0
    Swamp:3 |   12054 |       0 |   0.0 |      26 |       0 |   0.0
   Spider:1 |   10354 |   16363 |  61.2 |      33 |      20 |  37.7
   Spider:2 |   21711 |    2291 |   9.5 |      51 |       1 |   1.9
   Spider:3 |   24363 |       0 |   0.0 |      60 |       0 |   0.0
      Orc:1 |    4780 |       0 |   0.0 |      46 |       0 |   0.0
      Orc:2 |    4000 |   11213 |  73.7 |      31 |      28 |  47.5
    Abyss:1 |   11730 |       0 |   0.0 |      38 |       0 |   0.0
      Sewer |       0 |     323 | 100.0 |       0 |      28 | 100.0
            +---------+---------+-------+---------+---------+-------
